 Dungeon Crawl Stone Soup version 0.21.1-1-g345015fe64 (webtiles) character file.

492562 RepoMan the Cryomancer (level 23, 0/188 HPs)
             Began as a White Draconian Conjurer on June 21, 2018.
             Was the Champion of Vehumet.
             Killed from afar by a shadow dragon (39 damage)
             ... with a bolt of negative energy
             ... while paralysed by an ancient lich
             ... on level 5 of the Depths on June 23, 2018.
             The game lasted 11:29:03 (69696 turns).

RepoMan the Cryomancer (White Draconian Conjurer)  Turns: 69696, Time: 11:29:03

Health: 0/188      AC: 18    Str: 20    XL:     23   Next: 90%
Magic:  38/45      EV:  2    Int: 27    God:    Vehumet [******]
Gold:   1250       SH:  0    Dex: 13    Spells: 8/58 levels left

rFire    + . .     SeeInvis .   b - staff of conjuration
rCold    + . .     Gourm    .   v - +2 buckler {AC+3}
rNeg     . . .     Faith    .   (armour unavailable)
rPois    +         Spirit   .   d - +1 hat {MR+}
rElec    .         Reflect  .   k - +0 cloak
rCorr    .         Harm     .   V - +0 pair of gloves {Str+3}
MR       ++...                  M - +0 pair of boots
Stlth    +.........             t - amulet "Jiwabliq" {RegenMP rPois Str+4}
HPRegen  1.41/turn              W - ring of Ytujement {+Inv Int+5}
MPRegen  0.54/turn              r - ring of protection from fire

@: paralysed, very slightly contaminated, regenerating, hasted, heavily drained
A: breathe frost, unfitting armour, cold resistance 1, cold-blooded, AC +11
}: 2/15 runes: decaying, serpentine
a: Breathe Frost, Renounce Religion, Evoke Invisibility


You were on level 5 of the Depths.
You worshipped Vehumet.
Vehumet was exalted by your worship.
You were not hungry.

You visited 8 branches of the dungeon, and saw 43 of its levels.
You visited the Abyss 1 time.
You also visited: Trove and Ice Cave.

You collected 6380 gold pieces.
You spent 5130 gold pieces at shops.

Inventory:

Hand Weapons
 I - the +4 whip of Radicalism {freeze, Int+8 Dex+3 Stlth-, unknown}
   (You took it off a boggart on level 4 of the Depths)

   It has been specially enchanted to freeze those struck by it, causing extra
   injury to most foes and up to half again as much damage against particularly
   susceptible opponents.
   It can also slow down cold-blooded creatures.
   It affects your intelligence (+8).
   It affects your dexterity (+3).
   It makes you less stealthy.
 X - the +7 lajatang of Order {silver, rMut}
   (You took it off a deep elf demonologist on level 3 of the Elven Halls)

   It protects you from mutation.
Armour
 d - a +1 hat of magic resistance (worn)
 k - a +0 cloak (worn)
 v - a +2 buckler of protection (worn)
 M - a +0 pair of boots (worn)
 V - a +0 pair of gloves of strength (worn)
Magical Staves
 b - an uncursed staff of conjuration (weapon)
Jewellery
 r - a ring of protection from fire (right hand)
 t - the amulet "Jiwabliq" (around neck) {RegenMP rPois Str+4}
   (You bought it in a shop on level 2 of the Orcish Mines)

   [amulet of magic regeneration]

   It increases your magic regeneration.
   It affects your strength (+4).
   It protects you from poison.
 A - a +4 ring of strength {unknown}
 B - an uncursed ring of flight
 D - an uncursed ring of protection from magic {unknown}
 E - the ring of Oplibbuthost {rN+ Str+6 Int+3}
   (You found it on level 4 of the Depths)

   [ring of positive energy]

   It affects your strength (+6).
   It affects your intelligence (+3).
   It protects you from negative energy.
 P - an uncursed ring of see invisible
 W - the ring of Ytujement (left hand) {+Inv Int+5}
   (You took it off a deep elf demonologist on level 3 of the Elven Halls)

   [ring of intelligence]

   It affects your intelligence (+5).
   It lets you turn invisible.
Wands
 l - a wand of paralysis (25)
 C - a wand of digging (42)
 N - a wand of acid (22)
Scrolls
 a - 4 scrolls of magic mapping
 c - 2 scrolls of fog
 f - 14 scrolls of teleportation
 i - 22 scrolls of identify
 m - 3 scrolls of fear
 p - 20 scrolls of remove curse
 q - 3 scrolls of holy word
 x - 6 scrolls of immolation
 y - 2 scrolls of enchant weapon
Potions
 g - 3 potions of brilliance
 h - a potion of might
 j - a potion of mutation
 n - 8 potions of flight
 o - 8 potions of curing
 u - a potion of resistance
 w - a potion of berserk rage
 z - 3 potions of invisibility
 G - 5 potions of haste
 H - 2 potions of agility
 J - 4 potions of ambrosia
 K - a potion of cancellation
Miscellaneous
 e - a lamp of fire
Comestibles
 s - 20 rations


   Skills:
 - Level 12.0(8.5) Fighting
 - Level 13.1(9.6) Dodging
 - Level 1.7(0.0) Stealth
 - Level 4.1(1.3) Shields
 + Level 18.4(14.5) Spellcasting
 + Level 22.7(18.4) Conjurations
 - Level 6.4(3.5) Translocations
 * Level 25.9(21.4) Ice Magic


You had 8 spell levels left.
You knew the following spells:

 Your Spells              Type           Power        Failure   Level  Hunger
a - Magic Dart            Conj           ####         0%          1    None
b - Blink                 Tloc           N/A          1%          2    None
c - Bolt of Cold          Conj/Ice       ########..   1%          6    ####...
d - Orb of Destruction    Conj           ########..   1%          7    ######.
e - Freezing Cloud        Conj/Ice/Air   #######...   1%          6    ####...
f - Force Lance           Conj/Tloc      #######.     1%          4    None
g - Glaciate              Conj/Ice       ########..   19%         9    #######
i - Irradiate             Conj/Tmut      #######...   1%          5    #......
m - Mephitic Cloud        Conj/Pois/Air  ######..     1%          3    None
r - Regeneration          Chrm/Necr      ###.......   12%         3    None
t - Throw Frost           Conj/Ice       ######       0%          2    None
z - Ensorcelled Hibernat  Hex/Ice        ######       1%          2    None


Dungeon Overview and Level Annotations

Branches:
Dungeon (15/15)              Lair (6/6) D:9           Swamp (4/4) Lair:3
  Snake (4/4) Lair:4        Slime (0/5) Lair:5          Orc (2/2) D:11
    Elf (3/3) Orc:2        Vaults (5/5) D:14          Crypt (0/3) Vaults:2
 Depths (5/5) D:15
 Temple: D:4-7          Zot: Depths:5

Altars:
Cheibriados
Dithmenos
Fedhas
Kikubaaqudgha
Nemelex Xobeh
Okawaru
Qazlal
Ru
Sif Muna
Uskayaw
Vehumet
Xom
The Shining One
Beogh

Shops:
D:4 *=(   D:5 (   D:9 [   Orc:1 *   Orc:2 :=*?   Elf:3 }   Snake:1 ?
Vaults:1 ?

Portals:
Hell: Depths:1 Depths:2 Depths:3 Depths:4
Abyss: Depths:1 Depths:2 Depths:4
Pandemonium: Depths:2 Depths:3 Depths:4
Ziggurat: Depths:3

Annotations:
Snake:1 exclusion: downstairs
Elf:2 3 runed doors, exclusion: 3 doors
Depths:1 exclusion: downstairs
Depths:2 2 transporters


Innate Abilities, Weirdness & Mutations

You can breathe waves of freezing cold.
You can buffet flying creatures when you breathe cold.
Your icy white scales are hard. (AC +11)
You cannot fit into any form of body armour.
Your flesh is cold resistant. (rC+)
You are cold-blooded and may be slowed by cold attacks.


Message History

The ancient lich conjures a glowing orb.
An orb of destruction comes into view.
Casting: Force Lance
Confirm with . or Enter, or press ? or * to list all spells.
Your skin crawls.
You see here a caustic shrike skeleton.
Unknown command.
Okay, then.
Unknown command.
Unknown command.
The ancient lich conjures an orb of pure magic.
An orb of destruction comes into view.
You see here a bolt.
The orb of destruction hits a stone wall.
The ancient lich points at you and mumbles some strange words.
You suddenly lose the ability to move!
The shadow dragon breathes negative energy at you.
Helpless, you fail to dodge the bolt of negative energy.
You feel drained.
You die...

#.............##............
......).)......#............
#####†########.......##...
#........#...........# ..
#######..............# .
#.#.#.#........#
#..............#
##.#.#.#..(.....#
#........@((....#
##..#D#.#(.##....#
#..........#######
####..###.÷....#
#......##......#
#..<....§...(..#
#.......L....(.#
#......(.(.....#
################


You could see a shadow dragon and an ancient lich.

Vanquished Creatures
  Sojobo (Depths:2)
  Margery (Vaults:2)
  4 caustic shrikes (Depths:5)
  Jory (Vaults:4)
  2 liches
  2 tentacled monstrosities (Depths:5)
  Asterion (Snake:1)
  A titan (Depths:3)
  A deep elf master archer (Elf:3)
  2 deep elf blademasters (Elf:3)
  An acid blob (Depths:4)
  A tentacled starspawn (Abyss:2)
  4 sphinxes
  An Executioner (Abyss:2)
  2 thorn hunters (Depths:4)
  2 storm dragons
  3 tengu reavers
  Frances (Elf:1)
  Roxanne (Snake:2)
  10 fire giants
  11 nagarajas
  14 vault wardens
  4 deep elf sorcerers
  Louise (Swamp:2)
  A draconian shifter (Abyss:2)
  Aizul (Elf:3)
  10 frost giants
  A curse skull (Vaults:2)
  A spriggan defender (Depths:5)
  A cacodemon (Abyss:2)
  13 stone giants
  15 very ugly things
  3 deep elf elementalists (Elf:3)
  9 ironheart preservers
  7 deep elf demonologists
  6 deep elf annihilators
  A vampire knight (Depths:3)
  9 spark wasps
  A lorocyproca (Depths:2)
  8 ettins
  2 blizzard demons (Depths:3)
  6 deep elf death magi
  A green death (Depths:3)
  A merfolk impaler (Depths:3)
  2 jiangshi (Depths:2)
  Josephine (D:10)
  10 fire dragons
  2 deep elf high priests (Elf:3)
  17 ogre magi
  8 great orbs of eyes
  5 yaktaur captains
  12 ice dragons
  3 rakshasas
  25 vault guards
  18 hydras
  2 spriggan air magi (Depths:2)
  10 anacondas
  3 merfolk avatars (Depths:3)
  11 centaur warriors
  Erolcha (D:9)
  A starcursed mass (Abyss:2)
  2 ghost crabs
  An anaconda (shapeshifter) (Depths:1)
  15 naga warriors
  13 death yaks
  7 alligators
  A merfolk aquamancer (Depths:3)
  7 dancing weapons
  50 two-headed ogres
  Erica (D:9)
  8 deep troll shamans
  The ghost of Brecoman the Schismatic, a novice FoAK of Lugonu (D:9)
  6 tengu warriors
  A death yak (shapeshifter) (Depths:5)
  2 vampire magi
  A deep troll earth mage (Depths:4)
  14 hell knights
  11 naga sharpshooters
  2 sun demons
  3 shock serpents
  9 deep elf knights
  A spriggan berserker (Depths:3)
  2 soul eaters (Depths:3)
  Sonja (D:11)
  Nergalle (Orc:1)
  8 salamander mystics
  10 skeletal warriors
  3 iron trolls
  2 wretched stars (Abyss:2)
  3 unseen horrors
  3 large abominations (Abyss:2)
  3 spriggan druids
  A spark wasp zombie (D:15)
  16 deep trolls
  12 swamp dragons
  3 glowing orange brains
  3 flayed ghosts
  A shadow demon (Depths:3)
  15 ironbrand convokers
  5 shambling mangroves
  5 wizards
  A wolf spider zombie (D:13)
  14 orc knights
  8 deep elf archers
  11 necromancers
  7 naga ritualists
  A phantasmal warrior (D:15)
  A sphinx zombie (Vaults:4)
  A shadow dragon skeleton (Vaults:3)
  42 deep elf magi
  A harpy (Depths:3)
  2 manticores (D:14)
  6 mana vipers
  A shining eye (Abyss:2)
  A salamander (shapeshifter) (Vaults:2)
  5 oklob plants
  6 wolf spiders
  14 cyclopes
  4 orc sorcerers
  An elephant (shapeshifter) (Depths:2)
  10 elephants
  12 salamanders
  49 ugly things
  10 vault sentinels
  2 rust devils
  36 black mambas
  3 guardian serpents
  A frost giant skeleton (Vaults:3)
  2 gargoyles
  Joseph (D:9)
  An ice statue (IceCv)
  A water nymph (shapeshifter) (Depths:2)
  4 centaur zombies
  26 naga magi
  2 storm dragon simulacra
  3 orange demons (Abyss:2)
  A smoke demon (Abyss:2)
  2 kobold demonologists
  Psyche (D:9)
  4 freezing wraiths
  38 spiny frogs
  A komodo dragon (shapeshifter) (Abyss:2)
  44 yaktaurs
  An efreet (Abyss:2)
  11 komodo dragons
  A human zombie (Vaults:2)
  3 ice devils
  A red devil (Depths:2)
  14 trolls
  A yaktaur skeleton (Vaults:4)
  A hellwing (Depths:2)
  A queen bee (shapeshifter) (Depths:1)
  A troll (shapeshifter) (Vaults:2)
  2 tengu conjurers
  A polar bear (shapeshifter) (D:15)
  A queen bee (D:14)
  7 meliai
  A hornet (shapeshifter) (Vaults:4)
  13 tyrant leeches
  11 wind drakes (Depths:1)
  15 polar bears
  6 raiju (Abyss:2)
  The ghost of Henning the Insei, an amateur GnTm of Kikubaaqudgha (D:4)
  Prince Ribbit (D:9)
  20 hornets
  51 slime creatures
  26 blink frogs
  7 hippogriffs
  4 dream sheep (Lair:6)
  A flying skull (Vaults:2)
  9 bog bodies
  12 spriggans
  A spriggan (shapeshifter) (Vaults:1)
  13 air elementals
  2 fire dragon skeletons (D:15)
  4 shadows
  A wyvern (shapeshifter) (Abyss:2)
  3 vampires (Depths:3)
  6 redbacks (Depths:3)
  2 wyverns
  4 ynoxinuls
  A human (shapeshifter) (Depths:4)
  52 yaks
  An ettin skeleton (Vaults:2)
  4 water elementals
  6 wraiths
  2 hogs (shapeshifter)
  2 basilisks
  A basilisk (shapeshifter) (Vaults:3)
  A fire bat (shapeshifter) (Vaults:1)
  2 fire elementals
  2 steam dragons
  A steam dragon (shapeshifter) (Depths:1)
  29 vampire mosquitoes
  40 insubstantial wisps
  4 human simulacra
  66 nagas
  25 swamp worms
  A warg (Orc:1)
  2 acid dragons (Vaults:1)
  9 porcupines
  10 water moccasins
  A deep troll skeleton (Vaults:3)
  40 orc warriors
  10 swamp drakes
  2 floating eyes
  3 ice beasts
  2 necrophages (D:11)
  A sky beast (shapeshifter) (Vaults:1)
  5 sky beasts
  4 black bears
  14 wolves (IceCv)
  7 boggarts
  66 ogres
  3 phantoms
  41 centaurs
  7 crocodiles
  24 bullfrogs
  15 big kobolds
  5 earth elementals
  2 human skeletons (Vaults:2)
  A wyvern zombie (D:13)
  A wyvern skeleton (D:12)
  2 small abominations
  3 scorpions
  22 killer bees
  2 water moccasin skeletons
  15 wights
  2 electric eels
  2 howler monkeys
  2 tengu skeletons
  8 crimson imps
  5 lava snakes (Snake:3)
  3 jellies
  4 quasits
  3 bullfrog zombies
  28 orc priests
  9 hounds
  27 orc wizards
  A bullfrog skeleton (D:12)
  5 centaur skeletons
  4 iron imps
  Jessica (D:2)
  3 iguanas
  Ijyb (D:5)
  9 worker ants
  7 hell rats
  A hound zombie (D:9)
  A hound skeleton (D:10)
  Robin (D:2)
  3 river rats (Lair:2)
  14 adders
  7 shadow imps
  A white imp (Abyss:2)
  An ufetubus (Abyss:2)
  2 oozes
  18 ball lightnings
  13 dart slugs
  3 leopard geckos
  98 orcs
  7 bats
  4 giant cockroaches
  17 goblins
  7 hobgoblins
  8 jackals
  3 quokkas
  2 ball pythons (Snake:3)
  7 frilled lizards
  A jackal skeleton (D:4)
  35 kobolds
  A leopard gecko zombie (D:7)
  A quokka skeleton (D:8)
  14 rats
  A block of ice (Depths:3)
  2 fulminant prisms
  3 plants
2153 creatures vanquished.

Vanquished Creatures (collateral kills)
  A redback (Depths:3)
  An orc (Orc:1)
2 creatures vanquished.

Vanquished Creatures (others)
  A fire dragon (Depths:2)
  A blink frog (Swamp:1)
  2 redbacks (Depths:3)
  An insubstantial wisp (Swamp:2)
  5 wolves
  An orc wizard (Orc:1)
  2 ball lightnings (Depths:1)
  2 orcs
  18 blocks of ice
  65 fulminant prisms
  20 fungi
  49 plants
  8 starspawn tentacles (Abyss:2)
  6 withered plants (D:15)
181 creatures vanquished.

Grand Total: 2336 creatures vanquished

Notes
Turn   | Place    | Note
-------+----------+-------------------------------------------
     0 | D:1      | RepoMan the Draconian Conjurer began the quest for the Orb.
     0 | D:1      | Reached XP level 1. HP: 14/14 MP: 3/3
   230 | D:1      | Reached XP level 2. HP: 20/20 MP: 0/5
   284 | D:1      | Learned a level 2 spell: Searing Ray
   830 | D:1      | Reached XP level 3. HP: 26/26 MP: 3/6
   887 | D:1      | Learned a level 3 spell: Dazzling Spray
  1466 | D:2      | Noticed Jessica
  1613 | D:2      | Killed Jessica
  1613 | D:2      | Reached skill level 5 in Conjurations
  1613 | D:2      | Reached XP level 4. HP: 33/33 MP: 0/8
  1965 | D:2      | Noticed Robin
  1988 | D:2      | Killed Robin
  2358 | D:2      | Found a radiant altar of Vehumet.
  2362 | D:2      | Became a worshipper of Vehumet
  2507 | D:2      | Found a sparkling altar of Nemelex Xobeh.
  2797 | D:3      | Reached XP level 5. HP: 38/38 MP: 3/9
  3480 | D:3      | Reached * piety under Vehumet
  3480 | D:3      | Offered knowledge of Flame Tongue by Vehumet.
  3523 | D:3      | Found a shimmering altar of Xom.
  3527 | D:3      | Found a stormy altar of Qazlal.
  3959 | D:4      | Reached XP level 6. HP: 30/45 MP: 2/11
  4128 | D:4      | Found Lynt's General Store.
  4131 | D:4      | Bought a potion of resistance for 100 gold pieces
  4131 | D:4      | Bought a potion of heal wounds for 50 gold pieces
  4227 | D:4      | Found a blossoming altar of Fedhas.
  4344 | D:4      | Found Ucunwac's Jewellery Shop.
  4348 | D:4      | Noticed Henning's ghost (amateur GnTm)
  4442 | D:4      | Killed Henning's ghost
  4713 | D:4      | Your scales start taking on an icy white colour.
  4713 | D:4      | Reached XP level 7. HP: 39/50 MP: 4/13
  4713 | D:4      | Gained mutation: Your flesh is cold resistant. (rC+) [White Draconian growth]
  4750 | D:4      | Found Pucyhy's Weapon Shop.
  5110 | D:5      | Entered Level 5 of the Dungeon
  5188 | D:5      | Found Deilawi's Weapon Shop.
  5280 | D:5      | Noticed Ijyb
  5287 | D:5      | Killed Ijyb
  5521 | D:5      | Found a shadowy altar of Dithmenos.
  5596 | D:5      | Found an ancient bone altar of Kikubaaqudgha.
  5687 | D:5      | Found an iron altar of Okawaru.
  5841 | D:5      | You fall through a shaft for 2 floors!
  5844 | D:7      | Reached skill level 5 in Spellcasting
  5944 | D:7      | Reached XP level 8. HP: 57/57 MP: 6/15
  6442 | D:7      | Found a snail-covered altar of Cheibriados.
  6469 | D:7      | Found a sacrificial altar of Ru.
  6547 | D:7      | Reached ** piety under Vehumet
  6633 | D:7      | Offered knowledge of Freeze by Vehumet.
  6636 | D:7      | Learned a level 1 spell: Freeze
  6723 | D:7      | Reached skill level 1 in Ice Magic
  6737 | D:7      | Reached skill level 2 in Ice Magic
  6746 | D:7      | Found a hide-covered altar of Uskayaw.
  6964 | D:7      | Reached skill level 10 in Conjurations
  7270 | D:8      | Reached skill level 3 in Ice Magic
  7270 | D:8      | Reached XP level 9. HP: 62/62 MP: 18/18
  7365 | D:8      | Learned a level 4 spell: Force Lance
  7492 | D:8      | Found a deep blue altar of Sif Muna.
  7510 | D:8      | Noticed a two-headed ogre
  7589 | D:8      | Killed a two-headed ogre
  7589 | D:8      | Reached skill level 4 in Ice Magic
  8175 | D:8      | Reached skill level 5 in Ice Magic
  8175 | D:8      | Offered knowledge of Throw Flame by Vehumet.
  8258 | D:8      | Learned a level 4 spell: Fulminant Prism
  8710 | D:9      | Noticed Prince Ribbit
  8738 | D:9      | Killed Prince Ribbit
  8738 | D:9      | Reached skill level 1 in Fighting
  8822 | D:9      | Reached *** piety under Vehumet
  8842 | D:9      | Reached XP level 10. HP: 72/72 MP: 12/21
  9174 | D:9      | Noticed Joseph
  9196 | D:9      | Killed Joseph
  9196 | D:9      | Reached skill level 1 in Translocations
  9350 | D:9      | Offered knowledge of Mephitic Cloud by Vehumet.
  9463 | D:9      | Learned a level 3 spell: Mephitic Cloud
  9620 | D:9      | Noticed a two-headed ogre
  9635 | D:9      | Killed a two-headed ogre
  9763 | D:9      | Noticed Erolcha
  9773 | D:9      | Killed Erolcha
  9965 | D:9      | Reached **** piety under Vehumet
  9993 | D:9      | Reached XP level 11. HP: 85/85 MP: 13/23
 10113 | D:9      | Noticed Brecoman's ghost (novice FoAK)
 10179 | D:9      | Killed Brecoman's ghost
 10385 | D:9      | Found Leeress's Armour Emporium.
 10392 | D:9      | Noticed Psyche
 10399 | D:9      | Killed Psyche
 10610 | D:9      | Found a staircase to the Lair.
 10772 | D:10     | Entered Level 10 of the Dungeon
 10777 | D:10     | Noticed Josephine
 10843 | D:10     | Noticed Erica
 10844 | D:10     | Noticed a two-headed ogre
 10853 | D:9      | Killed Erica
 10853 | D:9      | Reached skill level 5 in Fighting
 10975 | D:10     | Killed a two-headed ogre
 10975 | D:10     | Offered knowledge of Sticky Flame by Vehumet.
 10975 | D:10     | Reached skill level 5 in Dodging
 11066 | D:10     | Got a dazzling quarterstaff {crush}
 11395 | D:10     | Killed Josephine
 11632 | D:10     | Found an ancient bone altar of Kikubaaqudgha.
 12073 | D:11     | Noticed Sonja
 12077 | D:11     | Killed Sonja
 12791 | D:11     | Reached ***** piety under Vehumet
 12894 | D:11     | Offered knowledge of Bolt of Fire by Vehumet.
 12956 | D:11     | Reached XP level 12. HP: 88/97 MP: 15/25
 13134 | D:11     | Found a staircase to the Orcish Mines.
 13563 | D:11     | Identified a scroll of acquirement
 13563 | D:11     | Identified Sif Muna's Grimoire of Attacks (You acquired it on level 11 of the Dungeon)
 13568 | D:11     | Learned a level 2 spell: Throw Frost
 13574 | D:11     | Learned a level 5 spell: Irradiate
 13758 | D:11     | Identified the cursed +0 quarterstaff of the Volcano {crush, rF+ MR+ Stlth+} (You took it off an orc on level 10 of the Dungeon)
 14005 | Lair:1   | Entered Level 1 of the Lair of Beasts
 14217 | Lair:1   | Noticed a five-headed hydra
 14238 | Lair:1   | Killed a five-headed hydra
 14804 | Lair:1   | Reached skill level 6 in Ice Magic
 16431 | Lair:3   | Noticed a death yak
 16431 | Lair:3   | Noticed a death yak
 16431 | Lair:3   | Noticed a death yak
 16700 | Orc:1    | Entered Level 1 of the Orcish Mines
 16796 | Orc:1    | Offered knowledge of Orb of Destruction by Vehumet.
 16819 | Orc:1    | Learned a level 7 spell: Orb of Destruction
 16880 | Orc:1    | Reached skill level 5 in Translocations
 16952 | Orc:1    | Reached XP level 13. HP: 103/107 MP: 10/26
 17001 | Orc:1    | Noticed Nergalle
 17076 | Orc:1    | Killed Nergalle
 17126 | Orc:1    | Reached skill level 10 in Spellcasting
 17170 | Orc:1    | Found a frozen archway.
 17179 | IceCv    | Entered an ice cave
 17507 | IceCv    | Reached skill level 7 in Ice Magic
 18293 | IceCv    | Noticed a frost giant
 18300 | IceCv    | Reached skill level 15 in Conjurations
 18308 | IceCv    | Killed a frost giant
 18681 | Orc:1    | Found Vumyts's Assorted Antiques.
 18689 | Orc:1    | Bought a scroll of amnesia for 80 gold pieces
 18689 | Orc:1    | Bought a scroll of identify for 46 gold pieces
 18689 | Orc:1    | Bought a scroll of identify for 46 gold pieces
 18689 | Orc:1    | Bought a scroll of magic mapping for 80 gold pieces
 18903 | Orc:2    | Entered Level 2 of the Orcish Mines
 19432 | Orc:2    | Found Vestriomm's Assorted Antiques.
 19455 | Orc:2    | Offered knowledge of Spellforged Servitor by Vehumet.
 19457 | Orc:2    | Reached skill level 8 in Ice Magic
 20709 | Orc:2    | Reached XP level 14. HP: 98/118 MP: 10/28
 20999 | Orc:2    | Found a staircase to the Elven Halls.
 21001 | Orc:2    | Found Ogyd's Magic Scroll Shoppe.
 21003 | Orc:2    | Found Veuz's Jewellery Boutique.
 21006 | Orc:2    | Bought a scroll of identify for 52 gold pieces
 21006 | Orc:2    | Bought 2 scrolls of amnesia for 182 gold pieces
 21006 | Orc:2    | Bought a bound lead ring for 130 gold pieces
 21010 | Orc:2    | Found Inaff's Book Emporium.
 21015 | Orc:2    | Bought a scroll of identify for 34 gold pieces
 21015 | Orc:2    | Bought a scroll of identify for 34 gold pieces
 21015 | Orc:2    | Bought a scroll of magic mapping for 59 gold pieces
 21028 | Orc:2    | Bought the amulet "Jiwabliq" {RegenMP rPois Str+4} for 644 gold pieces
 21099 | Orc:2    | Identified the ring of Vecleafu {rPois MR+} (You bought it in a shop on level 2 of the Orcish Mines)
 21364 | Elf:1    | Entered Level 1 of the Elven Halls
 21366 | Elf:1    | Noticed Frances
 21381 | Elf:1    | Killed Frances
 22607 | D:12     | Found a roughly hewn altar of Beogh.
 22658 | D:12     | Reached skill level 10 in Fighting
 23471 | D:12     | Offered knowledge of Bolt of Cold by Vehumet.
 23479 | D:12     | Learned a level 6 spell: Bolt of Cold
 24341 | D:13     | Found a portal to a secret trove of treasure.
 25435 | D:14     | Found a gate to the Vaults.
 25468 | D:14     | Reached skill level 9 in Ice Magic
 25473 | D:14     | Reached XP level 15. HP: 128/128 MP: 6/30
 25915 | D:14     | Offered knowledge of Iron Shot by Vehumet.
 26640 | D:15     | Entered Level 15 of the Dungeon
 26994 | D:15     | Found a glowing golden altar of the Shining One.
 27190 | D:15     | Offered knowledge of Freezing Cloud by Vehumet.
 27200 | D:15     | Learned a level 6 spell: Freezing Cloud
 27318 | D:15     | Found a staircase to the Depths.
 27592 | D:15     | Reached skill level 10 in Ice Magic
 27612 | D:15     | Reached skill level 10 in Dodging
 28138 | Lair:3   | Found a staircase to the Swamp.
 29431 | Lair:4   | Found a staircase to the Snake Pit.
 29683 | Lair:4   | Reached ****** piety under Vehumet
 29709 | Lair:4   | Offered knowledge of Poison Arrow by Vehumet.
 30010 | Lair:5   | Found a blossoming altar of Fedhas.
 30161 | Lair:5   | Learned a level 2 spell: Blink
 30239 | Lair:5   | Reached XP level 16. HP: 139/139 MP: 27/32
 30352 | Lair:5   | Found a staircase to the Slime Pits.
 30801 | Lair:6   | Entered Level 6 of the Lair of Beasts
 31464 | Lair:6   | Reached skill level 11 in Ice Magic
 31502 | Lair:6   | Offered knowledge of Lehudib's Crystal Spear by Vehumet.
 31502 | Lair:6   | Offered knowledge of Glaciate by Vehumet.
 31502 | Lair:6   | Offered knowledge of Tornado by Vehumet.
 32481 | Orc:2    | Bought the Almanac of Calling for 1498 gold pieces
 32599 | D:13     | You paid a toll of the Almanac of Calling to enter a treasure trove
 32600 | Trove    | Entered a treasure trove
 32914 | Elf:1    | Identified the Guide on Battle Magic
 33973 | Elf:2    | Reached skill level 12 in Ice Magic
 34091 | Elf:2    | Found a runed gate.
 34091 | Elf:2    | Found a runed gate.
 34091 | Elf:2    | Found a runed gate.
 34648 | Elf:3    | Entered Level 3 of the Elven Halls
 35293 | Elf:3    | Found Piocusuj's Gadget Boutique.
 35309 | Elf:3    | Found a deep blue altar of Sif Muna.
 35525 | Elf:3    | Reached skill level 1 in Shields
 35604 | Elf:3    | Noticed Aizul
 35608 | Elf:3    | Killed Aizul
 35608 | Elf:3    | Reached XP level 17. HP: 146/146 MP: 21/33
 35721 | Elf:3    | Reached skill level 13 in Ice Magic
 36063 | Elf:3    | Noticed a deep elf blademaster
 36072 | Elf:3    | Killed a deep elf blademaster
 36110 | Elf:3    | Got a twitching platinum amulet
 36244 | Elf:3    | Got a twitching lapis lazuli ring
 36254 | Elf:3    | Got a steaming lajatang {protect}
 36259 | Elf:3    | Identified the amulet of Curiosity {Spirit Slay+3 SInv} (You took it off a deep elf blademaster on level 3 of the Elven Halls)
 36260 | Elf:3    | Identified the ring of Ytujement {+Inv Int+5} (You took it off a deep elf demonologist on level 3 of the Elven Halls)
 36273 | Elf:3    | Noticed a deep elf master archer
 36280 | Elf:3    | Killed a deep elf master archer
 36289 | Elf:3    | Noticed a deep elf master archer
 36702 | Elf:3    | Noticed a deep elf blademaster
 36710 | Elf:3    | Killed a deep elf blademaster
 36795 | Elf:3    | Got a pitted emerald amulet
 36796 | Elf:3    | Got a bone halberd {flame}
 37001 | Elf:3    | Identified the amulet of Faveiw {RegenMP Str+7} (You took it off a deep elf blademaster on level 3 of the Elven Halls)
 37002 | Elf:3    | Identified the +7 lajatang of Bakk {protect, Fragile +Inv Dex+3} (You took it off a deep elf death mage on level 3 of the Elven Halls)
 37022 | Elf:3    | Reached skill level 14 in Ice Magic
 37045 | Elf:3    | Identified the Disquisition on Bewitchment
 37091 | Elf:3    | Found the +0 sword of Power
 37092 | Elf:3    | Found the +8 storm bow {elec}
 37130 | Elf:3    | Identified the Incunabulum of Clay
 37135 | Elf:3    | Got a shimmering dagger
 37142 | Elf:3    | Identified the Tome of Contamination
 37147 | Elf:3    | Identified the +10 dagger of Caqipuad {flame, *Noise Dex+2 Stlth+} (You found it on level 3 of the Elven Halls)
 37151 | Elf:3    | Got a pitted quarterstaff
 37602 | Swamp:1  | Entered Level 1 of the Swamp
 39528 | Swamp:2  | Noticed Louise
 39537 | Swamp:2  | Killed Louise
 39944 | Swamp:3  | Got a transparent silver ring
 39945 | Swamp:3  | Identified the ring "Pim Rub" {Fire Slay+6} (You found it on level 3 of the Swamp)
 40011 | Swamp:3  | Reached skill level 15 in Ice Magic
 40522 | Swamp:3  | Reached XP level 18. HP: 149/154 MP: 21/35
 41213 | Swamp:4  | Entered Level 4 of the Swamp
 41873 | Swamp:4  | Got a decaying rune of Zot
 42601 | Snake:1  | Entered Level 1 of the Snake Pit
 42601 | Snake:1  | Noticed Asterion
 42606 | Snake:1  | Killed Asterion
 42707 | Snake:1  | Reached skill level 16 in Ice Magic
 42769 | Snake:1  | Found Locs's Magic Scroll Shoppe.
 42777 | Snake:1  | Bought a scroll of identify for 32 gold pieces
 42777 | Snake:1  | Bought a scroll of immolation for 56 gold pieces
 42777 | Snake:1  | Bought a scroll of immolation for 56 gold pieces
 42777 | Snake:1  | Bought a scroll of identify for 32 gold pieces
 42777 | Snake:1  | Bought a scroll of identify for 32 gold pieces
 43660 | Snake:2  | Noticed Roxanne
 45003 | Snake:2  | Killed Roxanne
 46376 | Snake:3  | Reached skill level 17 in Ice Magic
 46616 | Snake:3  | Reached XP level 19. HP: 160/160 MP: 34/37
 47129 | Snake:4  | Entered Level 4 of the Snake Pit
 47731 | Snake:4  | Found an ancient bone altar of Kikubaaqudgha.
 47972 | Snake:4  | Reached skill level 18 in Ice Magic
 48648 | Snake:4  | Got a serpentine rune of Zot
 48656 | Snake:4  | Identified Onuliv's Collected Works on Execration and the Mountains
 49170 | Depths:1 | Entered Level 1 of the Depths
 49180 | Depths:1 | Found a gateway to Hell.
 49181 | Depths:1 | Found a one-way gate to the infinite horrors of the Abyss.
 49572 | Depths:1 | Reached skill level 15 in Spellcasting
 49758 | Depths:1 | Reached skill level 19 in Ice Magic
 50092 | Depths:1 | Reached XP level 20. HP: 168/168 MP: 36/39
 51333 | Vaults:1 | Entered Level 1 of the Vaults
 51385 | Vaults:1 | Found Omox Neq's Magic Scroll Emporium.
 51431 | Vaults:1 | Bought a scroll of identify for 24 gold pieces
 51431 | Vaults:1 | Bought a scroll of identify for 24 gold pieces
 51431 | Vaults:1 | Bought a scroll of identify for 24 gold pieces
 51431 | Vaults:1 | Bought a scroll of identify for 24 gold pieces
 51431 | Vaults:1 | Bought a scroll of identify for 24 gold pieces
 51431 | Vaults:1 | Bought a scroll of blinking for 90 gold pieces
 52582 | Vaults:1 | Reached skill level 20 in Ice Magic
 53414 | Orc:2    | Bought a scroll of acquirement for 1352 gold pieces
 53414 | Orc:2    | Bought a scroll of blinking for 195 gold pieces
 53414 | Orc:2    | Bought a potion of heal wounds for 130 gold pieces
 53416 | Orc:2    | Got an ancient shield
 53427 | Orc:2    | Identified the +5 shield of the Dungeon {+Blink +Inv rN+} (You acquired it on level 2 of the Orcish Mines)
 55184 | Vaults:2 | Found a staircase to the Crypt.
 55647 | Vaults:2 | Reached skill level 21 in Ice Magic
 55976 | Vaults:2 | Reached XP level 21. HP: 156/174 MP: 24/41
 56183 | Vaults:2 | Noticed Margery
 56208 | Vaults:2 | Killed Margery
 58035 | Vaults:3 | Reached skill level 22 in Ice Magic
 60091 | Vaults:4 | Learned a level 2 spell: Ensorcelled Hibernation
 60451 | Vaults:4 | Noticed Jory
 60475 | Vaults:4 | Killed Jory
 60701 | Vaults:4 | Reached XP level 22. HP: 181/181 MP: 30/42
 60881 | Vaults:5 | Entered Level 5 of the Vaults
 61159 | Depths:2 | Noticed Sojobo
 61168 | Depths:2 | Killed Sojobo
 61168 | Depths:2 | Reached skill level 23 in Ice Magic
 61260 | Depths:2 | Found a transporter.
 61274 | Depths:2 | Found a transporter.
 63193 | Lair:2   | Learned a level 3 spell: Regeneration
 63212 | Lair:2   | Learned a level 9 spell: Glaciate
 63636 | Depths:2 | Noticed a juggernaut
 64548 | Depths:1 | Voluntarily entered the Abyss.
 64657 | Abyss:2  | Found a roughly hewn altar of Beogh.
 65230 | Depths:1 | Escaped the Abyss
 65753 | Depths:2 | Found a one-way gate leading to the halls of Pandemonium.
 65796 | Depths:2 | Reached skill level 24 in Ice Magic
 66404 | Depths:3 | Found a gateway to a ziggurat.
 67189 | Depths:3 | Reached XP level 23. HP: 178/188 MP: 35/44
 67381 | Depths:3 | Found a large runed door.
 67381 | Depths:3 | Found a large runed door.
 68291 | Depths:4 | Reached skill level 25 in Ice Magic
 68465 | Depths:4 | Got a coiled lead ring
 68466 | Depths:4 | Identified the ring of Oplibbuthost {rN+ Str+6 Int+3} (You found it on level 4 of the Depths)
 68718 | Depths:4 | Got an ancient whip {freeze}
 69194 | Depths:5 | Entered Level 5 of the Depths
 69256 | Depths:5 | Noticed a caustic shrike
 69258 | Depths:5 | Noticed a caustic shrike
 69258 | Depths:5 | Noticed a caustic shrike
 69260 | Depths:5 | Killed a caustic shrike
 69261 | Depths:5 | Noticed a caustic shrike
 69264 | Depths:5 | Killed a caustic shrike
 69282 | Depths:5 | Killed a caustic shrike
 69646 | Depths:5 | Found a runed door.
 69655 | Depths:5 | Noticed an ancient lich
 69659 | Depths:5 | Killed a caustic shrike
 69669 | Depths:5 | Paralysed by an ancient lich for 6 turns
 69695 | Depths:5 | Paralysed by an ancient lich for 3 turns
 69696 | Depths:5 | Killed from afar by a shadow dragon

Skill      XL: |  1  2  3  4  5  6  7  8  9 10 11 12 13 14 15 16 17 18 19 20 21 22 23 |
---------------+----------------------------------------------------------------------+-----
Conjurations   | 5 6 7 8 10 11 12 13 14 15 16 17 18 19 20 21 22 | 22.7
Spellcasting   | 3 4 5 6 7 8 9 10 11 12 13 14 15 16 17 18 | 18.4
Ice Magic      | 3 5 6 8 9 10 12 15 17 19 21 22 24 25 | 25.9
Dodging        | 2 4 5 7 8 9 10 11 12 13 | 13.1
Fighting       | 1 4 6 7 9 10 11 12 | 12.0
Translocations | 2 5 6 |  6.4
Shields        | 1 4 |  4.1
Stealth        | |  1.7

Action                   |  1- 3 |  4- 6 |  7- 9 | 10-12 | 13-15 | 16-18 | 19-21 | 22-24 || total
-------------------------+-------+-------+-------+-------+-------+-------+-------+-------++-------
Melee: Unarmed           |     9 |       |       |       |       |       |       |       ||     9
       Tailslap          |     1 |     2 |     3 |       |       |       |       |     4 ||    10
       Dagger            |       |    18 |    20 |       |       |       |       |       ||    38
       Staff             |       |       |       |     3 |     3 |       |     1 |     5 ||    12
       Lajatang          |       |       |       |       |       |       |       |    11 ||    11
 Fire: Blowgun           |       |       |    19 |       |       |       |       |       ||    19
Throw: Throwing net      |       |       |     1 |       |       |       |     1 |       ||     2
 Cast: Magic Dart        |    54 |   114 |    71 |    89 |    19 |     6 |    40 |     5 ||   398
       Searing Ray       |     3 |    12 |    36 |    45 |    16 |       |       |       ||   112
       Dazzling Spray    |       |     1 |     3 |     6 |       |       |       |       ||    10
       Freeze            |       |       |     8 |    48 |    46 |       |       |       ||   102
       Force Lance       |       |       |     7 |   196 |   407 |   425 |   559 |   398 ||  1992
       Fulminant Prism   |       |       |     6 |    47 |    14 |       |       |       ||    67
       Mephitic Cloud    |       |       |       |    39 |    35 |     3 |     3 |    11 ||    91
       Throw Frost       |       |       |       |    56 |   251 |   201 |   134 |    17 ||   659
       Orb of Destructio |       |       |       |     2 |   103 |   169 |   177 |   109 ||   560
       Bolt of Cold      |       |       |       |       |    58 |    15 |    40 |    15 ||   128
       Irradiate         |       |       |       |       |     2 |     1 |     1 |       ||     4
       Freezing Cloud    |       |       |       |       |    13 |    72 |    86 |    32 ||   203
       Blink             |       |       |       |       |     1 |    16 |    10 |     6 ||    33
       Ensorcelled Hiber |       |       |       |       |       |       |     4 |     1 ||     5
       Regeneration      |       |       |       |       |       |       |       |     8 ||     8
       Glaciate          |       |       |       |       |       |       |       |    10 ||    10
 Abil: Breathe Frost     |       |       |    26 |    66 |    67 |    45 |    34 |    22 ||   260
       Stop Flying       |       |       |       |       |       |       |     1 |       ||     1
       Evoke Flight      |       |       |       |       |       |       |     1 |       ||     1
Evoke: Wand              |       |       |     7 |    10 |    28 |     7 |    34 |    13 ||    99
       Lamp of fire      |       |       |       |     1 |       |       |     2 |     1 ||     4
  Use: Scroll            |       |       |     6 |    16 |    14 |    19 |    13 |     9 ||    77
       Potion            |       |       |       |       |     2 |     5 |    11 |     7 ||    25
 Stab: Sleeping          |       |     1 |       |       |       |       |       |       ||     1
  Eat: Chunk             |     2 |     9 |    14 |    35 |    95 |    67 |    68 |    30 ||   320
       Ration            |       |     1 |     1 |     7 |    13 |    23 |    15 |    10 ||    70
Armor: Skin              |     7 |    15 |    25 |    37 |    66 |    62 |    55 |    51 ||   318
Dodge: Dodged            |     5 |    27 |    52 |   114 |   209 |   216 |   207 |   148 ||   978
Block: Buckler           |       |       |       |       |       |    59 |    86 |    33 ||   178
